Description

Reference this build for a description of this style as this is an all in variant of that build.

VOD

https://youtu.be/EavPOS1DqKY?t=1396

Replay - Blackpink LE (140)

Build Order

Get SALT Encoding   

  12  0:00  Probe  
  13  0:15  Probe  
  14  0:21  Pylon  
  14  0:27  Probe (Chrono Boost)  
  15  0:40  Gateway, Probe (Chrono Boost)  
  16  0:47  Probe (Chrono Boost)  
  17  0:51  Assimilator  
  17  0:54  Probe  
  18  1:06  Probe  
  19  1:18  Probe  
  20  1:28  Nexus  
  20  1:36  Cybernetics Core  
  20  1:39  Probe  
  21  1:45  Assimilator  
  21  1:51  Probe  
  22  1:55  Pylon  
  23  2:12  Adept (Chrono Boost)  
  25  2:22  Stargate  
  27  2:35  Warp Gate  
  27  2:36  Adept  
  35  3:06  Phoenix (Chrono Boost)  
  35  3:07  Adept  
  35  3:12  Pylon  
  42  3:25  Oracle (Chrono Boost)  
  48  3:39  Gateway x2  
  50  3:49  Twilight Council  
  50  3:53  Pylon  
  51  4:00  Assimilator x2  
  54  4:14  Pylon  
  54  4:21  Resonating Glaives (Chrono Boost)  
  56  4:37  Nexus  
  56  4:40  Adept x3  
  62  4:57  Robotics Facility  
  62  5:03  Adept x3  
  68  5:10  Shield Battery  
  68  5:28  Adept  
  74  5:40  Gateway x4  
  74  5:43  Warp Prism (Chrono Boost)  
  74  5:47  Gateway  
  76  5:53  Sentry x3  
  80  6:13  Immortal (Chrono Boost)  
  84  6:20  Sentry x2  
Spawning Tool Build Advisor. Get it on Overwolf

Go to:

Details

Become a Patron
  • Created by: Gemini_19    
  • Published on: Apr 10, 2018
  • Modified on: Apr 10, 2018
  • Patch: 4.0.0
Show
View Real Time Build Order
Export as new Build Order

Comments (0)

There are no comments. Be the first!

Create an account to comment!